 Dungeon Crawl Stone Soup version 0.17-a0-737-gf0a300a (webtiles) character file.

461 Ololoev the Bolt Thrower (level 7, -2/38 HPs)
             Began as a Kobold Arcane Marksman on Apr 21, 2015.
             Killed by divine providence
             ... invoked by an orc priest
              (13 damage)
             ... on level 4 of the Dungeon.
             The game lasted 00:14:14 (4864 turns).

Ololoev the Bolt Thrower (Kobold Arcane Marksman)   Turns: 4864, Time: 00:14:14

Health: -2/38      AC:  9    Str: 11    XL:     7   Next: 28%
Magic:  5/8        EV: 19    Int: 11    God:
Gold:   151        SH:  0    Dex: 21    Spells: 1 memorised, 6 levels left

rFire  + . .     SeeInvis .     a - +0 short sword
rCold  . . .     Clarity  .     B - +0 ring mail {rF+}
rNeg   . . .     SustAb   .     (shield restricted)
rPois  .         Gourm    .     (no helmet)
rElec  .         Spirit   .     h - +1 cloak
rCorr  .         Warding  .     (no gloves)
rMut   .         Stasis   .     k - +1 pair of boots
MR     .....                    (no amulet)
Stlth  ++........               (no ring)
                                w - ring of wizardry

@: agile, not resistant to hostile enchantments, unstealthy
A: carnivore 3
a: no special abilities


Innate Abilities, Weirdness & Mutations

You are small and have problems with some larger weapons.
You are carnivorous and can eat meat at any time.

Inventory:

Hand weapons
 a - a +0 short sword (weapon)
 b - a +0 hand crossbow
 i - a +2 blowgun of evasion
Missiles
 c - 33 bolts
 l - 10 poisoned needles
 s - 13 bolts of frost
Armour
 h - a +1 cloak (worn)
 k - a +1 pair of boots (worn)
 y - a +0 buckler
 B - a +0 ring mail of fire resistance (worn)
Jewellery
 v - an uncursed ring of ice
 w - a ring of wizardry (left hand)
Scrolls
 g - a scroll of amnesia
 n - 2 scrolls of remove curse {unknown}
 q - a scroll of teleportation
 r - a scroll of blinking
 t - a scroll of random uselessness {unknown}
 u - a scroll of fear {unknown}
Potions
 f - a potion of brilliance
 j - 3 potions of resistance
 m - 2 potions of agility
 p - a potion of degeneration {unknown}
 x - a potion of haste
Books
 d - a book of Debilitation

   Spells                             Type                      Level
   a - Corona                         Hexes                        1
   b - Slow                           Hexes                        2
   c - Gell's Gravitas                Hexes/Translocation          3
   d - Inner Flame                    Hexes/Fire                   3
   e - Cause Fear                     Hexes                        4
   f - Leda's Liquefaction            Hexes/Earth                  4
Comestibles
 e - 2 meat rations
 z - a slice of pizza
 A - 5 chunks of flesh


   Skills:
 - Level 1.1 Fighting
 + Level 5.5 Short Blades
 + Level 6.8 Crossbows
 - Level 2.4 Dodging
 + Level 1.0 Shields
 - Level 1.0 Spellcasting
 - Level 3.0 Hexes


You had 6 spell levels left.
You knew the following spells:

 Your Spells              Type           Power        Failure   Level  Hunger
a - Slow                  Hex            #.......     16%         2    ###....


You were on level 4 of the Dungeon.
You were very full.

You visited 1 branch of the dungeon, and saw 4 of its levels.

You collected 151 gold pieces.

#.####### #.# #.#
#.# #.# #.# #.#
##########.# #..
...........####.#
#...............#
.########.####.#
#.# #@# #o#
#(.((..(..
######.## #####
....# .......
######

Notes
Turn   | Place    | Note
--------------------------------------------------------------
     0 | D:1      | Ololoev, the Kobold Arcane Marksman, began the quest for the Orb.
     0 | D:1      | Reached XP level 1. HP: 12/12 MP: 2/2
   308 | D:1      | Reached XP level 2. HP: 14/16 MP: 1/3
   601 | D:1      | Reached skill level 4 in Crossbows
   601 | D:1      | Reached XP level 3. HP: 8/20 MP: 4/4
  1257 | D:1      | Learned a level 2 spell: Slow
  1507 | D:2      | Reached skill level 1 in Short Blades
  1998 | D:2      | Reached XP level 4. HP: 22/25 MP: 2/5
  3111 | D:3      | Reached skill level 5 in Crossbows
  3112 | D:3      | Reached XP level 5. HP: 29/29 MP: 6/6
  3405 | D:3      | Noticed Grinder
  3442 | D:3      | Paralysed by Grinder for 2 turns
  3451 | D:3      | Killed Grinder
  3451 | D:3      | Reached skill level 5 in Short Blades
  3451 | D:3      | Reached skill level 6 in Crossbows
  3451 | D:3      | Reached XP level 6. HP: 10/34 MP: 5/7
  4104 | D:4      | Reached XP level 7. HP: 32/38 MP: 8/8
  4816 | D:4      | Reached skill level 1 in Shields
  4864 | D:4      | Killed from afar by an orc priest

Dungeon Overview and Level Annotations

Branches:
Dungeon (4/15)
 Temple: D:4-7

Altars:


Message History

The orc priest is heavily wounded.
The orc priest misses you.
Your ring mail prevents you from hitting the orc priest.
The orc priest is heavily wounded.
You barely miss the orc priest.
The orc priest is heavily wounded.
The orc priest is no longer moving slowly.
The orc priest hits you but does no damage.
You hit the orc priest but do no damage.
The orc priest is heavily wounded.
You hit the orc priest.
The orc priest is severely wounded.
The orc priest closely misses you.
Casting: Slow
Confirm with . or Enter, or press ? or * to list all spells.
Aiming: Slow
Press: ? - help, Shift-Dir - straight line, f/p - orc priest
Aim: an orc priest, wielding a short sword and wearing a chain mail (severely wounded, chance 41%)
The orc priest seems to slow down.
The orc priest becomes somewhat translucent.
You hit the orc priest but do no damage.
The orc priest is severely wounded.
The orc priest barely misses you.
You closely miss the orc priest.
The orc priest is severely wounded.
You barely miss the orc priest.
The orc priest is severely wounded.
The orc priest completely misses you.
You hit the orc priest but do no damage.
The orc priest is severely wounded.
You closely miss the orc priest.
The orc priest is severely wounded.
The orc priest completely misses you.
You hit the orc priest.
The orc priest is severely wounded.
You hit the orc priest but do no damage.
The orc priest is severely wounded.
The orc priest calls down the wrath of Beogh upon you.
Something smites you!
You die...

You could see an orc priest.

Vanquished Creatures
  Grinder (D:3)
  2 hounds (D:4)
  2 orc wizards
  A hound skeleton (D:4)
  4 adders
  An ooze (D:2)
  2 worms (D:2)
  6 giant geckos
  11 orcs
  10 bats
  A bat skeleton (D:4)
  4 hobgoblins
  2 quokkas
  A ball python (D:3)
  5 giant cockroaches
  A giant newt (D:3)
  3 goblins
  12 kobolds
  5 rats
74 creatures vanquished.

Action                   |  1- 3 |  4- 6 |  7- 9 || total
-------------------------+-------+-------+-------++-------
Melee: Dagger            |    59 |       |       ||    59
       Short sword       |    24 |   173 |    98 ||   295
 Fire: Hand crossbow     |    22 |    34 |    11 ||    67
 Cast: Corona            |     1 |       |       ||     1
       Slow              |     1 |     3 |     3 ||     7
  Use: Scroll            |     7 |     3 |     1 ||    11
       Potion            |       |     6 |     1 ||     7
 Stab: Sleeping          |     1 |     1 |       ||     2
  Eat: Chunk             |     7 |     9 |     5 ||    21

Vault maps used:
D:1:      dpeg_arrival_long_road
D:2:      first_bread
D:3:      uniq_grinder
D:4:      minivault_4
